[Event "1st Turkish League 2017"]
[Site "Konya"]
[Date "2017.07.20"]
[Round "5"]
[White "Kilic, Efe Mert"]
[Black "Cansun, Can Alp"]
[Result "1-0"]
[ECO "B42"]
[WhiteElo "2287"]
[BlackElo "1959"]
[Annotator "NA RC"]
[PlyCount "73"]
[EventType "team-tourn"]
[EventCountry "TUR"]
[SourceTitle "playchess.com"]
[Source "ChessBase"]
[SourceQuality "1"]
[TimeControl "5400+30"]

1. e4 c5 2. Nf3 e6 3. d4 cxd4 4. Nxd4 a6 5. Bd3 Nf6 6. O-O Qc7 7. c4 Nc6 8. Be3 d6 9. Nc3 Be7 10. Qe2 O-O 11. f4 Re8 12. Rac1 Bf8 13. h3 $16 e5 14. Nb3 exf4 15. Rxf4 Ne5 16. Rxf6 gxf6 17. Nd5 Nxd3 18. Nxc7 Nxc1 19. Nxc1 Be6 20. Nxa8 Rxa8 21. b3 Re8 22. Bd4 Bh6 23. Nd3 Bf5 24. Qh5 Rxe4 25. Qxh6 Rxd4 26. Qxf6 Rxd3 27. Qxf5 Rd1+ 28. Kh2 Ra1 29. Qc2 a5 30. h4 Rf1 31. h5 Rf6 32. Qe4 b6 33. Qd4 Kg7 34. Qxb6 Rf5 35. g4 Rg5 36. Kg3 d5 37. h6+ 1-0

[Event "1st Turkish League 2017"]
[Site "Konya"]
[Date "2017.07.20"]
[Round "5"]
[White "Keler, Faruk"]
[Black "Hajiyev, Shahin"]
[Result "1-0"]
[ECO "A11"]
[WhiteElo "2262"]
[BlackElo "2008"]
[Annotator "NA"]
[PlyCount "47"]
[EventType "team-tourn"]
[EventCountry "TUR"]
[SourceTitle "playchess.com"]
[Source "ChessBase"]
[SourceQuality "1"]
[TimeControl "5400+30"]

1. Nf3 d5 2. g3 c6 3. Bg2 Bg4 4. O-O Nd7 5. c4 e6 6. cxd5 cxd5 7. Nc3 Ngf6 8. Qb3 {[%emt 0:02:30] A11: English Opening: 1...c6} (8. d3 Bd6 9. Bd2 {½-½ (9) Bachmann,A (2646)-Kuzubov,Y (2637) Chartres 2017}) 8... Qb6 9. Qxb6 Nxb6 10. d3 Be7 11. Be3 Nfd7 12. Rfc1 $146 ({Predecessor:} 12. Nd2 Bc5 13. Bxc5 Nxc5 14. Rac1 Nbd7 15. h3 {1-0 (23) Loginov,V (2525)-Gostisa,L (2430) Ljubljana 1995}) 12... a6 13. a4 Nc8 14. a5 Bxf3 15. Bxf3 Ne5 16. Na4 Nxf3+ 17. exf3 Nd6 18. Nc5 O-O 19. Bf4 Rab8 20. Nd7 Rbd8 21. Nxf8 $18 Kxf8 22. Rc7 Rb8 23. Rd7 Ke8 24. Bxd6 1-0

[Event "1st Turkish League 2017"]
[Site "Konya"]
[Date "2017.07.20"]
[Round "5"]
[White "Dogan, Nazmi Can"]
[Black "Taskaya, Muhammed"]
[Result "1-0"]
[ECO "D00"]
[WhiteElo "2242"]
[BlackElo "1997"]
[Annotator "NA"]
[PlyCount "115"]
[EventType "team-tourn"]
[EventCountry "TUR"]
[SourceTitle "playchess.com"]
[Source "ChessBase"]
[SourceQuality "1"]
[TimeControl "5400+30"]

1. d4 d5 2. Bf4 Bf5 3. e3 e6 4. c4 Bxb1 5. Qxb1 Bb4+ 6. Kd1 Nf6 7. c5 c6 8. Bd3 Nbd7 9. Nf3 Ba5 10. h3 Bc7 11. g4 (11. b4 $11) 11... Qb8 (11... Bxf4 $17 12. exf4 b6) 12. Bxc7 Qxc7 13. g5 Nh5 14. b4 e5 15. Be2 g6 16. Qb2 e4 17. Nd2 Ng7 18. h4 f5 ({Better is} 18... h5 $15) 19. b5 $11 ({White should play} 19. h5 $14) 19... f4 20. Rb1 fxe3 21. fxe3 Nf5 22. Rh3 Rb8 23. h5 Rf8 24. hxg6 hxg6 25. Qa3 Kf7 26. Kc2 Rh8 27. Rbh1 Kg7 28. Rxh8 Rxh8 29. Rxh8 Kxh8 30. Nf1 b6 31. cxb6 Qxb6 32. bxc6 Qxc6+ 33. Kd2 Qb6 34. Bg4 Qb5 35. Be2 Qb6 36. Ke1 Kg7 37. Kf2 Nf8 38. Bg4 Kf7 39. Bxf5 gxf5 40. Ng3 Qc7 41. Qa6 Qc2+ 42. Ne2 Ne6 43. Qxa7+ Kg6 44. Qa6 Kf7 45. g6+ Ke7 46. Qb7+ Qc7 47. Qxc7+ Nxc7 48. Nf4 Kf6 49. Ke2 Nb5 50. Kd2 Na3 51. Kc3 Kg7 52. Kb3 Nc4 53. Nxd5 Nd2+ 54. Kc3 Nb1+ 55. Kb4 Kxg6 56. a4 Kf7 57. a5 Ke6 58. a6 1-0

[Event "1st Turkish League 2017"]
[Site "Konya"]
[Date "2017.07.20"]
[Round "5"]
[White "Keles, Cengiz"]
[Black "Gulbas, Cemil"]
[Result "0-1"]
[ECO "D15"]
[WhiteElo "2124"]
[BlackElo "2366"]
[Annotator "ChessBase"]
[PlyCount "84"]
[EventType "team-tourn"]
[EventCountry "TUR"]
[SourceTitle "playchess.com"]
[Source "ChessBase"]
[SourceQuality "1"]
[TimeControl "5400+30"]

1. d4 d5 2. Nf3 Nf6 3. c4 c6 4. Nc3 a6 5. b3 Bf5 6. e3 e6 7. Be2 Bd6 8. O-O Nbd7 9. Bb2 b5 10. h3 O-O 11. Bd3 Rb8 12. Bxf5 exf5 13. cxb5 cxb5 14. Qd3 g6 15. Ne2 Qb6 16. Rac1 Rbc8 17. Ne5 Qb7 18. Ng3 Ne4 19. Ne2 Rce8 20. Nf4 Nb8 21. f3 Ng3 22. Rfe1 f6 23. Kf2 g5 24. Kxg3 fxe5 25. dxe5 gxf4+ 26. exf4 Bb4 27. Re2 Re6 28. Rec2 Ba5 29. Rc5 Qf7 30. Rxd5 Nc6 31. Rd6 Ne7 32. Rd7 h5 33. h4 Kh7 34. Rd6 Rg8+ 35. Kf2 Qg6 36. Rg1 Bb6+ 37. Rxb6 Rxb6 38. g3 Rc8 39. Rd1 Rg8 40. Rg1 Rbb8 41. Qd7 Qe8 42. Qe6 Rg6 0-1

[Event "1st Turkish League 2017"]
[Site "Konya"]
[Date "2017.07.20"]
[Round "5"]
[White "Rzayev, Askar Aliakbar"]
[Black "Zeydan, Salih"]
[Result "0-1"]
[ECO "A45"]
[WhiteElo "2080"]
[BlackElo "2001"]
[Annotator "NA"]
[PlyCount "70"]
[EventType "team-tourn"]
[EventCountry "TUR"]
[SourceTitle "playchess.com"]
[Source "ChessBase"]
[SourceQuality "1"]
[TimeControl "5400+30"]

1. d4 Nf6 2. Bg5 Ne4 3. Bf4 c5 4. d5 Qb6 5. Bc1 f5 6. Nf3 g6 7. a4 Qa5+ 8. c3 Bg7 9. Nbd2 Nxd2 10. Nxd2 d6 11. Nc4 Bxc3+ 12. bxc3 Qxc3+ 13. Bd2 Qxc4 14. Ba5 e6 15. dxe6 Nc6 16. e3 Qxe6 17. Bb5 Bd7 18. Bc3 O-O 19. O-O a6 20. Be2 Ne5 21. Bxe5 $19 Qxe5 22. Qb3+ Be6 23. Qxb7 Bd5 24. Qc7 f4 25. Rfd1 fxe3 26. f3 Rf7 27. Qa5 Rb7 28. Rac1 Rb2 29. Qe1 Bf7 30. Rb1 Rab8 31. Rxb2 Rxb2 32. Bxa6 e2 33. Rc1 Qe3+ 34. Kh1 Rd2 35. Bb5 Bb3 0-1

[Event "1st Turkish League 2017"]
[Site "Konya"]
[Date "2017.07.20"]
[Round "5"]
[White "Koc, Ilkay"]
[Black "Annaberdiyev, Babageldi"]
[Result "0-1"]
[ECO "E61"]
[WhiteElo "2074"]
[BlackElo "2262"]
[Annotator "NA"]
[PlyCount "124"]
[EventType "team-tourn"]
[EventCountry "TUR"]
[SourceTitle "playchess.com"]
[Source "ChessBase"]
[SourceQuality "1"]
[TimeControl "5400+30"]

1. d4 Nf6 2. c4 g6 3. Nc3 Bg7 4. Nf3 O-O 5. Bg5 h6 6. Bh4 c5 7. d5 d6 8. e3 a6 9. Be2 {[%emt 0:00:30] E61: King's Indian: Early deviations for White, including Smyslov System} (9. Nd2 e6 10. a4 exd5 11. cxd5 Nbd7 12. Be2 Re8 13. O-O Rb8 14. a5 Qc7 15. e4 g5 16. Bg3 Ne5 17. Qc2 Nfd7 18. Nd1 b6 19. axb6 Rxb6 20. Ra2 Nf8 21. Bh5 Rb4 {1-0 (58) Sokolov,I (2641)-Drazic,S (2535) Vrnjacka Banja 2010}) 9... g5 10. Bg3 Nh5 11. Qc2 Nxg3 12. hxg3 f5 $146 ({Predecessor:} 12... e5 13. Nd2 f5 14. g4 fxg4 15. Nde4 Bf5 16. O-O-O b5 17. cxb5 axb5 18. Bxb5 {0-1 (54) Meier,W (2207)-Ahman,L (2097) Dresden 2008}) 13. g4 b5 14. gxf5 Bxf5 15. Bd3 Qd7 16. e4 bxc4 17. Bxc4 Bg6 18. Nh2 Qb7 19. Ng4 h5 20. Ne3 Nd7 21. Be2 g4 22. Nf5 Bxf5 23. exf5 Nf6 24. f3 Rfb8 25. b3 Qb4 26. Kf1 Qf4 27. Re1 Rb4 28. Qc1 (28. Bd1 $1 $15) 28... Qxf5 $17 29. Qe3 gxf3 30. gxf3 Ng4 31. Qc1 Bd4 32. Rg1 Bxg1 33. Kxg1 Nf6 34. Kf2 Kf7 35. Bc4 Rg8 36. Ne4 Ng4+ 37. Ke2 Ne5 38. Qe3 Rg2+ 39. Kf1 Rxa2 40. Be2 Rxe4 41. Qxe4 Qxe4 42. fxe4 h4 43. Rc1 Kf6 44. Rc3 Kg5 45. Rh3 a5 46. Rh2 Rb2 47. Rf2 Rb1+ 48. Kg2 Rxb3 49. Rf5+ Kg6 50. Bh5+ Kh6 51. Be8 h3+ 52. Kh1 Ng4 53. Rh5+ Kg7 54. Rg5+ Kf8 55. Rxg4 Kxe8 56. e5 dxe5 57. Rc4 Kd7 58. Rxc5 a4 59. Ra5 a3 60. Ra6 e4 61. Kh2 e3 62. Kg3 h2 0-1

[Event "1st Turkish League 2017"]
[Site "Konya"]
[Date "2017.07.20"]
[Round "5"]
[White "Gunduz, Umut Erdem"]
[Black "Yerden, Huseyin Eren"]
[Result "0-1"]
[ECO "B08"]
[WhiteElo "2066"]
[BlackElo "1904"]
[Annotator "NA"]
[PlyCount "60"]
[EventType "team-tourn"]
[EventCountry "TUR"]
[SourceTitle "playchess.com"]
[Source "ChessBase"]
[SourceQuality "1"]
[TimeControl "5400+30"]

1. e4 g6 2. d4 Bg7 3. Nf3 d6 4. Bc4 c6 5. Bb3 Nf6 6. Nc3 b5 7. a3 Ba6 8. Bf4 O-O 9. Qd2 e6 10. Bg5 Qc7 11. h4 Nbd7 {[%emt 0:06:30] [#]} (11... c5 $14) 12. h5 $1 c5 13. hxg6 hxg6 14. Bh6 Ng4 15. Bxg7 Kxg7 $16 16. Qg5 Rh8 17. Nh4 Ndf6 18. f3 cxd4 19. fxg4 dxc3 20. Bxe6 Qc5 21. Nf5+ Qxf5 22. gxf5 Rxh1+ 23. Ke2 b4+ 24. Ke3 Rxa1 25. Bxf7 Re1+ 26. Kf4 Rxe4+ 27. Kf3 Rg4 28. Qe3 Bb7+ 29. Kf2 Rxg2+ 30. Kf1 Rh8 0-1

[Event "1st Turkish League 2017"]
[Site "Konya"]
[Date "2017.07.20"]
[Round "5"]
[White "Gulbeyaz, Emir"]
[Black "Dedebas, Emre Emin"]
[Result "1-0"]
[ECO "C68"]
[WhiteElo "1952"]
[BlackElo "2322"]
[Annotator "ChessBase"]
[PlyCount "119"]
[EventType "team-tourn"]
[EventCountry "TUR"]
[SourceTitle "playchess.com"]
[Source "ChessBase"]
[SourceQuality "1"]
[TimeControl "5400+30"]

1. e4 e5 2. Nf3 Nc6 3. Bb5 a6 4. Bxc6 dxc6 5. d4 exd4 6. Qxd4 Qxd4 7. Nxd4 Bd7 8. Nc3 O-O-O 9. Be3 f6 10. O-O-O h5 11. h4 Nh6 12. f3 Nf7 13. Nde2 Ne5 14. b3 g6 15. Rd2 Bg7 16. Rhd1 b6 17. Kb1 Rhe8 18. Na4 c5 19. Nac3 Be6 20. Nf4 Bf7 21. Rxd8+ Rxd8 22. Rxd8+ Kxd8 23. Ncd5 g5 24. hxg5 fxg5 25. Nd3 g4 26. Bg5+ Kd7 27. Nxe5+ Bxe5 28. fxg4 hxg4 29. Nf6+ Ke6 30. Nxg4 Bg3 31. Nh6 Be8 32. Nf5 Be5 33. Ne3 Bg6 34. Nf5 Bh2 35. Bd8 Bxf5 36. exf5+ Kxf5 37. Kc1 Kg4 38. Kd2 Bf4+ 39. Kd3 Kf5 40. Kc4 Ke6 41. g4 Kd7 42. Bf6 Ke6 43. Bd8 Kd7 44. Bh4 Kc6 45. Bf6 b5+ 46. Kd3 Kd5 47. c4+ Ke6 48. Ke4 Bg3 49. Bc3 Bh4 50. Kf4 b4 51. Bb2 Bf2 52. Ke4 Bh4 53. Bc1 c6 54. g5 Be1 55. Be3 Bh4 56. Kf4 Be1 57. Bxc5 Bd2+ 58. Be3 Be1 59. Ke4 Bc3 60. Bd4 1-0

[Event "1st Turkish League 2017"]
[Site "Konya"]
[Date "2017.07.20"]
[Round "5"]
[White "Yilmaz, Ezgi"]
[Black "Temel, Burcu Melis"]
[Result "1/2-1/2"]
[ECO "B45"]
[WhiteElo "1836"]
[BlackElo "1846"]
[Annotator "NA"]
[PlyCount "148"]
[EventType "team-tourn"]
[EventCountry "TUR"]
[SourceTitle "playchess.com"]
[Source "ChessBase"]
[SourceQuality "1"]
[TimeControl "5400+30"]

1. e4 c5 2. Nf3 Nc6 3. d4 cxd4 4. Nxd4 Nf6 5. Nc3 e6 6. g3 Bb4 7. Bg2 Qa5 {[%emt 0:02:30] B45: Sicilian Four Knights} (7... O-O 8. O-O d6 9. h3 a6 10. Nde2 Bc5 11. g4 Qc7 12. a4 b6 13. g5 Nd7 14. Nf4 Nde5 15. Nd3 Bb7 16. Nxc5 dxc5 {½-½ (23) Baklan,V (2656)-Krasenkow,M (2631) Koge 2014}) 8. Nde2 d5 9. O-O O-O 10. exd5 exd5 11. Bg5 $146 ({Predecessor:} 11. Bd2 Qd8 12. Bg5 Be6 13. Nb5 Bg4 14. c3 Re8 15. Re1 {0-1 (24) Eggleston,T (2166)-Rudd,J (2268) Douglas 2005}) 11... Ne4 12. Nxe4 dxe4 13. Be3 Bg4 14. c3 Be7 15. Bxe4 Ne5 16. f3 Bh3 17. Re1 Rad8 18. Qc2 Kh8 19. Nf4 Bc8 20. Qf2 $16 f5 21. Bc2 b6 22. b4 Qa6 23. a4 Qb7 24. Kg2 Bf6 25. h3 Nc6 26. Ne2 Qc7 27. Rad1 Nxb4 28. cxb4 Qxc2 29. Nd4 Qxa4 30. b5 Qc4 31. Rc1 Qf7 32. Nc6 Rd5 33. Rb1 Re8 34. Qa2 Be6 35. Qxa7 Rd7 36. Qxb6 Rb7 37. Qc5 Bd7 38. Bf2 h6 39. Ne5 Bxe5 40. Rxe5 Rc8 41. Qe3 Qa2 42. Qd3 Rc2 43. Rf1 Qb2 44. Qd5 Bxb5 45. Kg1 Bc6 46. Qd8+ Kh7 47. Rxf5 Rd7 48. Qa5 Rdd2 49. Qa7 Rxf2 50. Rxf2 Rxf2 51. Qxf2 Qb1+ 52. Kg2 Qxf5 53. g4 Qd3 54. Kg3 Bb7 55. h4 g5 56. hxg5 hxg5 57. Qh2+ Kg8 58. Qf2 Qd5 59. Qe3 Kf7 60. Qc3 Bc6 61. Qe3 Kf8 62. Qa3+ Kg8 63. Qe3 Kf7 64. Qa7+ Bb7 65. Qe3 Bc6 66. Qa7+ Bb7 67. Qe3 Kg8 68. Qe8+ Kg7 69. Qe7+ Kg6 70. Qe8+ Qf7 71. Qxf7+ Kxf7 72. f4 gxf4+ 73. Kxf4 Kg6 74. g5 Bc8 1/2-1/2

[Event "1st Turkish League 2017"]
[Site "Konya"]
[Date "2017.07.20"]
[Round "5"]
[White "Erece, Ece Alkim"]
[Black "Yorgun, Yaren Naz"]
[Result "1-0"]
[ECO "B38"]
[WhiteElo "1829"]
[BlackElo "1733"]
[Annotator "NA"]
[PlyCount "99"]
[EventType "team-tourn"]
[EventCountry "TUR"]
[SourceTitle "playchess.com"]
[Source "ChessBase"]
[SourceQuality "1"]
[TimeControl "5400+30"]

1. e4 c5 2. Nf3 g6 3. d4 cxd4 4. Nxd4 Bg7 5. c4 Nc6 6. Be3 Nf6 7. Nc3 O-O 8. Be2 d6 9. O-O Bd7 10. Qd2 Nxd4 11. Bxd4 Bc6 12. Bd3 Nd7 {[%emt 0:02:30] B38: Sicilian: Maroczy Bind with 5...Bg7 and 7...0-0} (12... a5 13. Rae1 a4 14. Nd5 e6 15. Nb4 Bd7 16. Rd1 Qe7 17. Rfe1 Rfc8 18. Bf1 e5 19. Bb6 Be6 20. b3 axb3 21. axb3 {½-½ (36) Wojtaszek,R (2727)-Mamedov,R (2650) Huaian 2016}) 13. Bxg7 Kxg7 14. b4 b6 15. Rae1 Rc8 $146 ({Predecessor:} 15... a5 16. a3 axb4 17. axb4 Kg8 18. Re3 Qc7 19. Rh3 b5 20. Qh6 {½-½ (41) Seres,L (2424)-Szabo,Z (2449) Balatonlelle 2005}) 16. Re3 Rh8 17. Rh3 h6 18. f4 Nf6 19. Qe2 (19. Re3 $16) 19... Bd7 $16 20. Rg3 Bg4 21. Rxg4 Nxg4 22. Qxg4 b5 23. f5 bxc4 24. fxg6 fxg6 25. Qe6 Rf8 26. Rxf8 Qxf8 27. Bxc4 a6 28. Ne2 Rb8 29. a3 Qf6 30. Qxf6+ Kxf6 31. Kf2 Ke5 32. Ke3 Rb6 33. Nf4 Rc6 34. Nd3+ Kf6 35. Kd4 e6 36. a4 g5 37. b5 axb5 38. axb5 Rb6 39. Nb2 d5 40. exd5 exd5 41. Kxd5 Kf5 42. Na4 Rb8 43. b6 Kg4 44. Kc6 h5 45. Kc7 Rxb6 46. Nxb6 h4 47. Kd6 Kf4 48. Be6 g4 49. Nd5+ Kg5 50. Ke5 1-0

[Event "1st Turkish League 2017"]
[Site "Konya"]
[Date "2017.07.20"]
[Round "5"]
[White "Ozturk, Yavuz"]
[Black "Salepci, Osman Firat"]
[Result "0-1"]
[ECO "B80"]
[WhiteElo "1699"]
[BlackElo "2093"]
[Annotator "NA"]
[PlyCount "100"]
[EventType "team-tourn"]
[EventCountry "TUR"]
[SourceTitle "playchess.com"]
[Source "ChessBase"]
[SourceQuality "1"]
[TimeControl "5400+30"]

1. e4 c5 2. Nf3 e6 3. d4 cxd4 4. Nxd4 Nf6 5. Bd3 Nc6 6. Be3 d6 7. Nc3 Be7 8. O-O Bd7 9. Nb3 Ne5 10. Be2 Bc6 11. f4 Ned7 12. Bf3 e5 13. f5 Nb6 14. Qe2 $11 Qc7 15. Rfd1 O-O 16. Rac1 Rfd8 17. Na5 d5 18. exd5 Nbxd5 19. Nxc6 bxc6 20. Ne4 Nxe3 21. Qxe3 Nd5 22. Qf2 Rab8 23. c4 Nb4 24. Rxd8+ Rxd8 25. Rd1 Nd3 26. Qe2 Qb6+ 27. c5 Nxc5 28. Rxd8+ Bxd8 29. Nxc5 Qxc5+ 30. Kf1 Bb6 31. Ke1 Qc1+ 32. Qd1 Qxb2 33. Qb3 Qf2+ 34. Kd1 Qd4+ 35. Kc2 e4 36. Bh5 g6 37. fxg6 hxg6 38. Be2 Qf2 39. Qc4 Qxg2 40. h4 e3 41. h5 gxh5 42. Kb3 Qd5 43. Qxd5 cxd5 44. Bxh5 Kg7 45. Bf3 d4 46. Kc4 Kf6 47. a4 Ke5 48. Kd3 f5 49. Bh1 Kf4 50. Ke2 Kg3 0-1

[Event "1st Turkish League 2017"]
[Site "Konya"]
[Date "2017.07.20"]
[Round "5"]
[White "Saim, Sida"]
[Black "Ozbek, Busra"]
[Result "0-1"]
[ECO "E94"]
[WhiteElo "1634"]
[BlackElo "1796"]
[Annotator "NA"]
[PlyCount "98"]
[EventType "team-tourn"]
[EventCountry "TUR"]
[SourceTitle "playchess.com"]
[Source "ChessBase"]
[SourceQuality "1"]
[TimeControl "5400+30"]

1. d4 g6 2. c4 Bg7 3. Nc3 d6 4. Nf3 Nf6 5. e4 O-O 6. Be2 Nbd7 7. O-O e5 8. dxe5 dxe5 9. Be3 c6 10. h3 Qc7 11. Qd2 b6 12. Rad1 Bb7 13. Qd6 Qc8 14. Bg5 Re8 15. Nh2 h5 16. f4 Re6 17. Qd2 exf4 18. Qxf4 Qe8 19. Rd6 Rxd6 20. Qxd6 Nh7 21. Be7 Be5 22. Qa3 c5 23. Bh4 Bxc3 24. Qxc3 Qxe4 25. Bf3 Qxh4 26. Bxb7 Rb8 27. Bc6 Qe7 28. Re1 Qd6 29. Bf3 Ng5 30. Rd1 Nxf3+ 31. Qxf3 Qe6 32. Qg3 Re8 33. Nf3 Nf6 34. Qf4 Ne4 35. b3 Nc3 36. Qd2 Nxd1 37. Qxd1 Qe3+ 38. Kh2 Re7 39. Qd6 Kg7 40. a3 Re6 41. Qd7 Qf2 42. Qc7 h4 43. Kh1 Re2 44. Qh2 Qf1+ 45. Ng1 Re1 46. b4 a6 47. a4 cxb4 48. a5 b3 49. axb6 b2 0-1

[Event "1st Turkish League 2017"]
[Site "Konya"]
[Date "2017.07.20"]
[Round "5"]
[White "Elma, Muge"]
[Black "Sahin, Hayrun Nisa"]
[Result "1-0"]
[ECO "B13"]
[WhiteElo "1513"]
[BlackElo "1576"]
[Annotator "NA"]
[PlyCount "81"]
[EventType "team-tourn"]
[EventCountry "TUR"]
[SourceTitle "playchess.com"]
[Source "ChessBase"]
[SourceQuality "1"]
[TimeControl "5400+30"]

1. Nf3 c5 2. e3 d5 3. d4 cxd4 4. exd4 g6 5. c3 Nf6 6. Bd3 Bg7 7. O-O O-O 8. h3 Nc6 9. Re1 Re8 10. Bf4 Bd7 11. Nbd2 Rc8 12. Bh2 a6 13. Nb3 e6 14. Nc5 Qb6 15. Qb3 Qxb3 16. axb3 Nd8 17. Ne5 Bc6 18. b4 Ne4 19. Bxe4 dxe4 20. Nxc6 Rxc6 21. Rxe4 f5 22. Re2 Kf7 23. Rae1 Rc8 24. d5 e5 25. Bxe5 Bxe5 26. Rxe5 Rxe5 27. Rxe5 Kf6 28. Re3 a5 29. Nd7+ Kg5 30. Nb6 Rc7 31. bxa5 Nf7 32. Rg3+ Kh6 33. Re3 Kg5 34. f3 f4 35. Re4 Rc5 36. Re7 Nd6 37. h4+ Kh6 38. Rd7 Nf5 39. d6 Rxa5 40. Nc4 Ng3 41. Nxa5 1-0

[Event "1st Turkish League 2017"]
[Site "Konya"]
[Date "2017.07.20"]
[Round "6"]
[White "Nechaeva, Marina"]
[Black "Khukhashvili, Sopiko"]
[Result "0-1"]
[ECO "E20"]
[WhiteElo "2408"]
[BlackElo "2339"]
[Annotator "ChessBase"]
[PlyCount "84"]
[EventType "team-tourn"]
[EventCountry "TUR"]
[SourceTitle "playchess.com"]
[Source "ChessBase"]
[SourceQuality "1"]
[TimeControl "5400+30"]

1. d4 Nf6 2. c4 e6 3. Nc3 Bb4 4. Nf3 c5 5. g3 O-O 6. Bg2 d5 7. cxd5 Nxd5 8. Bd2 cxd4 9. Nxd5 Bxd2+ 10. Nxd2 exd5 11. Nb3 Nc6 12. O-O Qf6 13. Qd2 Bg4 14. h3 Bf5 15. Rad1 Be4 16. f3 Bg6 17. Nxd4 Rad8 18. Kh2 Rfe8 19. Nxc6 bxc6 20. e3 h5 21. h4 Rb8 22. b3 a5 23. Qxa5 Rxe3 24. Qd2 Rbe8 25. Rf2 Rd3 26. Qc1 Rc3 27. Qa1 d4 28. a4 d3 29. a5 Rc2 30. Qxf6 gxf6 31. Kg1 Rb8 32. f4 Rxb3 33. f5 Rbb2 34. fxg6 Rxf2 35. gxf7+ Kg7 36. Bxc6 Rfd2 37. Rf1 Ra2 38. Be4 Rxa5 39. Rxf6 Ra1+ 40. Rf1 Rxf1+ 41. Kxf1 Rd1+ 42. Kf2 d2 0-1

[Event "1st Turkish League 2017"]
[Site "Konya"]
[Date "2017.07.20"]
[Round "6"]
[White "Dedebas, Emre Emin"]
[Black "Guncan, Berke"]
[Result "1/2-1/2"]
[ECO "E12"]
[WhiteElo "2322"]
[BlackElo "2043"]
[Annotator "ChessBase"]
[PlyCount "55"]
[EventType "team-tourn"]
[EventCountry "TUR"]
[SourceTitle "playchess.com"]
[Source "ChessBase"]
[SourceQuality "1"]
[TimeControl "5400+30"]

1. d4 Nf6 2. Nf3 e6 3. c4 b6 4. a3 Bb7 5. Nc3 d5 6. Bg5 Be7 7. Qa4+ c6 8. Bxf6 Bxf6 9. cxd5 exd5 10. g3 O-O 11. Bg2 Nd7 12. O-O c5 13. Rfd1 a6 14. Qc2 Rc8 15. e3 b5 16. Qe2 c4 17. Ne5 Nxe5 18. dxe5 Bxe5 19. Nxd5 Bxd5 20. Bxd5 Qf6 21. Rab1 Qe7 22. Ra1 Qf6 23. Rab1 Qe7 24. Ra1 Qf6 25. Rab1 Qe7 26. Ra1 Qf6 27. Rab1 Qe7 28. Ra1 1/2-1/2

[Event "1st Turkish League 2017"]
[Site "Konya"]
[Date "2017.07.20"]
[Round "6"]
[White "Annaberdiyev, Babageldi"]
[Black "Uzunoglu, Efe Kerem"]
[Result "0-1"]
[ECO "D03"]
[WhiteElo "2262"]
[BlackElo "2058"]
[Annotator "ChessBase"]
[PlyCount "152"]
[EventType "team-tourn"]
[EventCountry "TUR"]
[SourceTitle "playchess.com"]
[Source "ChessBase"]
[SourceQuality "1"]
[TimeControl "5400+30"]

1. Nf3 Nf6 2. d4 g6 3. Bg5 Bg7 4. Nbd2 d5 5. e3 O-O 6. Bd3 c5 7. c3 b6 8. O-O Bb7 9. a4 Nc6 10. Qb1 a5 11. h3 Nd7 12. Qa2 Qc7 13. Bb5 e6 14. Bf4 Qd8 15. Bd6 Re8 16. Rad1 Bf8 17. Bxf8 Rxf8 18. e4 Na7 19. exd5 exd5 20. Bxd7 Qxd7 21. Qa3 Qc7 22. Rfe1 Rfe8 23. Nb3 c4 24. Nbd2 Nc6 25. Nf1 Re7 26. Ne3 Rd8 27. Qa1 Bc8 28. Qc1 h5 29. Nf1 Rde8 30. Ng3 Rxe1+ 31. Nxe1 Nd8 32. Nf3 Ne6 33. Re1 Bd7 34. Ne5 Bxa4 35. Qh6 Nf8 36. Re3 Re6 37. Rf3 Be8 38. Nxh5 gxh5 39. Rg3+ Rg6 40. Nxg6 fxg6 41. Re3 Bf7 42. Re5 Be6 43. Qe3 Qf7 44. f4 Bf5 45. Re7 Qf6 46. Rb7 Be4 47. Qg3 h4 48. Qg4 Bf5 49. Qf3 Qe6 50. Qf2 Qc6 51. Re7 Qf6 52. Re5 Be4 53. Rg5 Ne6 54. Rg4 b5 55. Rxh4 b4 56. Rg4 bxc3 57. bxc3 Bf5 58. Rg3 Kf7 59. Re3 Be4 60. g3 Qf5 61. Kh2 g5 62. Re1 gxf4 63. g4 Qf6 64. Ra1 Ng5 65. h4 Nf3+ 66. Kh3 Qb6 67. Qa2 Nxh4 68. Qa4 Ng6 69. Qxa5 Qf6 70. Qc7+ Ne7 71. Qe5 Qxe5 72. dxe5 Ke6 73. Ra7 Ng6 74. g5 Bf5+ 75. Kg2 Kxe5 76. Ra6 Be4+ 0-1

[Event "1st Turkish League 2017"]
[Site "Konya"]
[Date "2017.07.20"]
[Round "6"]
[White "Keler, Faruk"]
[Black "Erturan, Yakup"]
[Result "1/2-1/2"]
[ECO "A39"]
[WhiteElo "2262"]
[BlackElo "2371"]
[Annotator "NA"]
[PlyCount "62"]
[EventType "team-tourn"]
[EventCountry "TUR"]
[SourceTitle "playchess.com"]
[Source "ChessBase"]
[SourceQuality "1"]
[TimeControl "5400+30"]

1. Nf3 Nf6 2. g3 c5 3. Bg2 Nc6 4. O-O g6 $11 5. d4 cxd4 6. Nxd4 Bg7 7. c4 O-O 8. Nc3 Qb6 9. Nc2 d6 10. b3 Bd7 11. Bb2 Rfc8 12. Nd5 Nxd5 13. Bxg7 Nf4 14. Bb2 Nxg2 15. Kxg2 Ne5 16. Qd4 Qxd4 17. Nxd4 a6 18. a4 Nc6 19. Nxc6 bxc6 20. c5 dxc5 21. Ba3 Be6 22. Bxc5 Bxb3 23. Rfb1 Bd5+ 24. f3 Rc7 25. e4 Be6 26. Rb6 f6 27. Rab1 Kf7 28. Rb7 Rac8 29. R1b6 Bc4 30. Rb4 Be6 31. R4b6 Bc4 1/2-1/2

[Event "1st Turkish League 2017"]
[Site "Konya"]
[Date "2017.07.20"]
[Round "6"]
[White "Erden, Kadir"]
[Black "Koc, Ilkay"]
[Result "1-0"]
[ECO "A16"]
[WhiteElo "2235"]
[BlackElo "2074"]
[Annotator "NA"]
[PlyCount "41"]
[EventType "team-tourn"]
[EventCountry "TUR"]
[SourceTitle "playchess.com"]
[Source "ChessBase"]
[SourceQuality "1"]
[TimeControl "5400+30"]

1. c4 Nf6 2. Nc3 b6 3. e4 e5 4. g3 Bb7 5. Bg2 Bc5 6. d3 O-O 7. Nf3 Re8 8. O-O h6 9. a3 Bf8 10. Nh4 Nc6 11. Nf5 Ne7 12. Nxe7+ Qxe7 13. f4 c6 14. fxe5 Qxe5 15. d4 Qe7 16. e5 Nh7 17. Nb5 Qd8 18. Qh5 f6 19. Be4 fxe5 20. Qf7+ Kh8 21. Qg6 1-0

[Event "1st Turkish League 2017"]
[Site "Konya"]
[Date "2017.07.20"]
[Round "6"]
[White "Isik, Alparslan"]
[Black "Kilic, Efe Mert"]
[Result "1-0"]
[ECO "E04"]
[WhiteElo "2211"]
[BlackElo "2287"]
[Annotator "RC"]
[PlyCount "169"]
[EventType "team-tourn"]
[EventCountry "TUR"]
[SourceTitle "playchess.com"]
[Source "ChessBase"]
[SourceQuality "1"]
[TimeControl "5400+30"]

1. Nf3 Nf6 2. c4 e6 3. g3 d5 4. d4 dxc4 5. Bg2 Bb4+ 6. Bd2 a5 7. O-O O-O 8. e3 b5 9. a4 Bxd2 10. Nfxd2 c6 11. axb5 Nd5 12. bxc6 Ba6 13. Re1 Nxc6 14. Na3 Ncb4 15. Ndxc4 Rc8 16. Bf1 Qc7 17. Ne5 Bxf1 18. Rxf1 f6 19. Nd3 Qe7 20. Qd2 Nxd3 21. Qxd3 Qb4 22. Qe2 Qb3 23. Rfc1 Nb4 24. Qd2 Nd3 25. Rd1 Nxb2 26. Rdb1 Rb8 27. Qxa5 Rfc8 28. Qd2 Rc7 29. Rc1 Ra7 30. Rc3 Qb4 31. Qc2 Qf8 32. Rb3 Rab7 33. Rxb7 Rxb7 34. Nc4 Qc8 35. Rc1 Nxc4 36. Qxc4 Qxc4 37. Rxc4 Kf7 38. Kg2 Ke7 39. Rc2 Kd6 40. Rc8 e5 41. dxe5+ Kxe5 42. Rh8 g6 43. h4 Re7 44. Kf3 f5 45. Rf8 h5 46. Ra8 Re6 47. Ra7 Rb6 48. Re7+ Kf6 49. Re8 Rb3 50. Rc8 Rb6 51. Rc5 Re6 52. Rc4 Ra6 53. Kf4 Rb6 54. f3 Re6 55. Ra4 Rb6 56. Rd4 Ra6 57. e4 fxe4 58. fxe4 Ke6 59. Rd3 Ra5 60. Rc3 Ra6 61. Rb3 Rc6 62. Ra3 Rb6 63. Ra5 Kf6 64. Rd5 Rb4 65. Rd6+ Kf7 66. Ke5 Rb3 67. Kf4 Rb4 68. Ra6 Rc4 69. Ke5 Rc5+ 70. Kd6 Rc3 71. Ra7+ Kf6 72. e5+ Kf5 73. e6 Rd3+ 74. Ke7 Rxg3 75. Kf7 Rf3 76. e7 Kg4+ 77. Kxg6 Re3 78. Ra4+ Kh3 79. Kf7 Rf3+ 80. Ke8 Rf2 81. Rd4 Ra2 82. Kd7 Ra7+ 83. Ke6 Ra6+ 84. Kf7 Ra7 85. Kf8 1-0